Eve, lawful female dwarven Valkyrie -------- ------------- |.....<-# ##...........[| |......|# # |...........| |......|### ### ----------.-- ---------- ---.---- # # # |.........# ## ###-----------### # |........|### # #..........|# # |.........### ##d |..........# # |........| ######h#####@h#########..........| # |........| ### # |.........|################## |........| # --.------ ##|.........|# -|-.- ---------- ### |.......| # |.........|####### |..>| # |......>|# ### -----------# |...| ### |.......|###%############## |...| # |........### |...| ##........| |...| |.......| |...| --------- ----- Eve the Stripling Experience level: 1 Strength: 13 Dexterity: 16 Constitution: 20 Intelligence: 9 Wisdom: 6 Charisma: 9 Health: 0(4) Energy: 11(11) Def: 10 Gold: 844 Moves: 2427 Dungeon seed: ujMsHQxJsJ_HgYi1 Game ID: Eve_1529364438 Your Inventory: Coins $ - 844 gold pieces Weapons a - a blessed +1 long sword (weapon in hand) b - a +0 dagger j - 12 +0 darts Armor e - an uncursed +3 small shield (being worn) q - an uncursed +0 orcish helm (being worn) r - an uncursed +0 chain mail (being worn) y - a cursed +0 pair of iron shoes named {Possible curse} N - a cursed -1 helm of opposite alignment named {Possible Curse} Rings m - an uncursed ring of shock resistance (on left hand) Tools d - an uncursed tin opener Gems n - an uncursed worthless piece of orange glass z - an uncursed worthless piece of blue glass Spells and supernatural/magical abilities: Name Level Category Fail Memory W - pray for help -- divine ? -- Your skills at the end: Fighting Skills Weapon Skills dagger [Basic] long sword [Basic] Spellcasting Skills Final Attributes: You were piously aligned. You were cold resistant. You were shock resistant. You had infravision. You were stealthy. You were unlucky. Tyr was angry with you. You are dead. Vanquished creatures: 2 acid blobs a gas spore a large kobold 2 giant rats a yellow mold a green mold a gecko 6 jackals 2 kobolds 2 goblins a sewer rat a grid bug 2 bats a lichen 11 newts 35 creatures vanquished. Voluntary challenges: You were vegetarian. You had been an atheist until turn 2175. You used a wielded weapon 6 times, starting on turn 271. You read items or engraved 1 time, starting on turn 2337. You never genocided any monsters. You never polymorphed an object. You never changed form. You used no wishes. You never split a pudding. You never wrote Elbereth's name. You never violated your personal moral code. Dungeon overview: The Dungeons of Doom: levels 1 to 4 Level 1 an altar to Tyr, a fountain a long staircase Level 2 a scroll shop Level 3 <- You were here stairs to The Gnomish Mines Level 4 a fountain The Gnomish Mines: Level 4 stairs to The Dungeons of Doom History has recorded: On T:1 you entered the Dungeons of Doom to retrieve the Amulet of Yendor! On T:65 you reached level 2 of The Dungeons of Doom. On T:606 you reached level 3 of The Dungeons of Doom. On T:1108 you reached level 4 of The Dungeons of Doom. On T:1237 you reached level 1 of The Gnomish Mines. Score breakdown: Gold: 844 ( 9956 points) Experience: 1 level ( 0 points) Exploration: 4 levels ( 8.16%) ( 7500 points) Discoveries: 2 items ( 0.81%) ( 2705 points) Valuables value: (no points given unless you survive) Artifact value: 0 ( 0 points) Variety of kills: 15 monsters ( 3.94%) ( 5952 points) Turncount: 2427 turns ( -286 points) Survival: died (score multiplied by 80%) Total score: 20661 Latest messages: You faint from lack of food. You come to. You faint from lack of food. You come to. You faint from lack of food. You come to. You faint from lack of food. You come to. You begin praying to Tyr. The voice of Tyr thunders: "Thou art arrogant, mortal." "Thou must relearn thy lessons!" You feel foolish! You faint from lack of food. You come to. You begin praying to Tyr. The dog bites the gas spore. (3x) The gas spore is killed! The dog is caught in the gas spore's explosion! You are caught in the gas spore's explosion! Final status: Farvel Eve the Valkyrie, killed by a gas spore's explosion, while praying... You died in The Dungeons of Doom on dungeon level 3 with 20661 points, and 844 pieces of gold, after 2427 moves. You were level 1 with a maximum of 4 hit points when you died.